 Dungeon Crawl Stone Soup version 0.18-a0-1577-gf591c28 (webtiles) character file.

222 PPPavel the Covert (level 5, 0/35 HPs)
             Began as an Octopode Assassin on Mar 22, 2016.
             Slain by a hound (1 damage)
             ... on level 4 of the Dungeon.
             The game lasted 00:07:47 (1357 turns).

PPPavel the Covert (Octopode Assassin)              Turns: 1357, Time: 00:07:47

Health: 0/35       AC:  1    Str: 10    XL:     5   Next: 99%
Magic:  5/5        EV: 12    Int: 14    God:
Gold:   97         SH:  0    Dex: 14    Spells: 0 memorised, 4 levels left

rFire  . . .     SeeInvis .     a - +3 dagger
rCold  . . .     Gourm    .     (no shield)
rNeg   . . .     Faith    .     (helmet restricted)
rPois  .         Spirit   .     (no amulet)
rElec  .         Dismiss  .     (no ring)
rCorr  .         Reflect  .     (no ring)
SustAt .         Harm     .     (no ring)
MR     .....                    (no ring)
Stlth  ++++++....               (no ring)
                                (no ring)
                                (no ring)
                                (no ring)

@: not resistant to hostile enchantments, very stealthy
A: almost no armour, amphibious, 8 rings, constrict 8, camouflage 1, gelatinous
body 1
a: no special abilities


You were on level 4 of the Dungeon.
You were not hungry.

You visited 1 branch of the dungeon, and saw 3 of its levels.

You collected 97 gold pieces.

Inventory:

Hand Weapons
 a - a +3 dagger (weapon)
 b - a +0 blowgun
 e - a +0 mace
 q - a +0 club
 y - a +0 dagger
Missiles
 c - 8 poisoned needles
 d - 2 curare-tipped needles
Jewellery
 k - a cursed amulet of inaccuracy {unknown}
 s - a cursed -3 ring of evasion {unknown}
Wands
 u - a wand of hasting (4/9)
Scrolls
 p - a scroll of blinking
 r - 3 scrolls of identify
Potions
 g - 2 potions of mutation {unknown}
 h - 2 potions of agility {unknown}
 i - a potion of heal wounds {unknown}
 j - a potion of ambrosia {unknown}
 l - a potion of curing {unknown}
 m - a potion of might {unknown}
 n - a potion of degeneration {unknown}
 o - a potion of resistance {unknown}
 w - a potion of flight {unknown}
Comestibles
 f - 3 bread rations


   Skills:
 + Level 2.5 Fighting
 + Level 2.0 Short Blades
 + Level 2.2 Throwing
 + Level 2.0 Dodging
 + Level 8.9 Stealth


You had 4 spell levels left.
You didn't know any spells.

Dungeon Overview and Level Annotations

Branches:
Dungeon (2/15)

Altars:


Innate Abilities, Weirdness & Mutations

You cannot wear most types of armour.
You are amphibious.
You can wear up to eight rings at the same time.
You can use your tentacles to constrict eight enemies at once.
Your skin changes colour to match your surroundings (Stealth).
Your rubbery body absorbs attacks (AC +1).


Message History

The hound is severely wounded.
You constrict the hound. The hound bites you. The hound closely misses you.
You hit the hound.
You kill the hound!
Your Dodging skill increases to level 2!
You hit the hound. You grab the hound. You squeeze the hound.
The hound is moderately wounded.
You constrict the hound. The hound bites you.
* * * LOW HITPOINT WARNING * * *
The hound bites you.
* * * LOW HITPOINT WARNING * * *
You completely miss the hound.
The hound is heavily wounded.
You constrict the hound, but do no damage.
The hound bites you.
* * * LOW HITPOINT WARNING * * *
You release your grip on the hound.
The hound barely misses you. The hound bites you.
You die...

.......# ###
........# #..
........# #.#
........# #.###
#........ #...#
........# ##.#.###.#
####
#.....#.####h@......#
#....
#.......†..o.##+##..#
#.... #..$..#.##..##
..... #.... #.#..##
##.#. #... #...## # #
##.#####...#
.o........##
##.#####..# #..#


You could see a hound and an orc.

Vanquished Creatures
  An ogre (D:4)
  2 hounds (D:4)
  A worker ant (D:4)
  3 adders (D:2)
  A dart slug (D:1)
  A giant gecko (D:1)
  A bat (D:1)
  2 giant cockroaches
  5 goblins
  2 hobgoblins (D:2)
  2 giant newts
  4 kobolds
  3 rats
28 creatures vanquished.

Notes
Turn   | Place    | Note
--------------------------------------------------------------
     0 | D:1      | PPPavel the Octopode Assassin began the quest for the Orb.
     0 | D:1      | Reached XP level 1. HP: 14/14 MP: 1/1
   238 | D:1      | Reached XP level 2. HP: 14/19 MP: 2/2
   253 | D:1      | Reached skill level 6 in Stealth
   865 | D:2      | Reached XP level 3. HP: 24/24 MP: 3/3
   950 | D:2      | Reached skill level 7 in Stealth
  1236 | D:2      | You fall through a shaft for 2 floors!
  1296 | D:4      | Noticed an ogre
  1297 | D:4      | Killed an ogre
  1297 | D:4      | Reached skill level 8 in Stealth
  1297 | D:4      | Reached XP level 4. HP: 28/30 MP: 4/4
  1297 | D:4      | Reached XP level 5. HP: 32/35 MP: 5/5
  1353 | D:4      | HP: 1/35 [hound (4)]
  1357 | D:4      | Slain by a hound

Vault maps used:
D:1:      sevenhm_arrival_forest_fort_large_4
D:4:      kennysheep_the_goblin_king, overflow_temple_1_default,
          gammafunk_temple_overflow_claw, first_bread, uniq_edmund

Skill      XL: |  1  2  3  4  5 |
---------------+----------------+-----
Stealth        | 6 8 |  8.9
Dodging        | 2 |  2.0
Fighting       | |  2.5
Short Blades   | |  2.0
Throwing       | |  2.2

Action                   |  1- 3 |  4- 6 || total
-------------------------+-------+-------++-------
Melee: Dagger            |    48 |    13 ||    61
  Use: Scroll            |     7 |       ||     7
 Stab: Sleeping          |    16 |     1 ||    17
  Eat: Chunk             |     1 |       ||     1
